cohdb
Replays
Latest Replays
All Replays
Popular Replays
Top Player Replays
Match Explorer
How It Works
Community
CoH3 Stats
Reddit
Sign in to upload your games and track your stats! →
Sign in with Steam
Match 43609141
Unlisted
Match 43609141
Overview
Messages
Build Orders
End
Kettenkrad Recon Vehicle
Construct Infanterie Kompanie
Selects Breakthrough Battlegroup
Selects Assault Grenadiers
Grenadier Squad
Grenadier Squad
Grenadier Squad
Medical Station
MG 42 Machine Gun Team
Kettenkrad Recon Vehicle
Construct Panzergrenadier Kompanie
Pioneer Squad
Selects Rapid Production
Pak 40 Anti-tank Gun Team
MG 42 Machine Gun Team
Pak 40 Anti-tank Gun Team
Selects Smoke Bombing Run
Support Elements
Selects Incendiary Bombing Run
MG 42 Bunker
Nebelwerfer 42 Rocket Launcher Team
251 Medium Carrier
Nebelwerfer 42 Rocket Launcher Team
Panzergrenadier Officer Quarters
Pak 40 Anti-tank Gun Team
Selects Blitzkrieg
Blabby_Elm_2.0
OrdinaryWalnut
dondidit
MonoChrome
0
0
Comments
sign in to comment!
No comments posted yet!